 Dungeon Crawl Stone Soup version 0.29-a0-839-g4793fd635e (webtiles) character file.

Game seed: 6615081932471399164

15267 DungeonMaster the Fighter (level 11, -5/90 HPs)
             Began as a Demonspawn Wanderer on July 14, 2022.
             Was an Initiate of Gozag.
             Slain by Rupert
             ... wielding a +0 battleaxe of flaming
              (13 damage)
             ... on level 12 of the Dungeon.
             The game lasted 00:30:35 (14451 turns).

DungeonMaster the Fighter (Demonspawn Wanderer)    Turns: 14451, Time: 00:30:36

Health: -5/90      AC: 17    Str: 16    XL:     11   Next: 99%
Magic:  0/11       EV: 14    Int: 13    God:    Gozag
Gold:   504        SH:  0    Dex: 16    Spells: 10/10 levels left

rFire   . . .      SeeInvis .   f - +3 spear (venom)
rCold   + . .      Faith    .   (no shield)
rNeg    . . .      Spirit   +   L - +3 scale mail of Beogh's Grace {rC+ Int+2}
rPois   +          Reflect  .   (helmet restricted)
rElec   .          Harm     .   (no cloak)
rCorr   +          Rampage  .   T - +0 pair of gloves
Will    .....                   m - +2 pair of boots
Stlth   +.........              (no amulet)
HPRegen 0.25/turn               h - ring of poison resistance
MPRegen 0.24/turn               v - ring of resist corrosion

@: on berserk cooldown, slowed, very slow
A: horns 2, powered by pain 2, magic shield, magic regeneration, sharp scales 1
a: Renounce Religion, Potion Petition, Call Merchant, Bribe Branch


You were on level 12 of the Dungeon.
You worshipped Gozag.
Gozag was pleased with you.
You visited 1 branch of the dungeon, and saw 12 of its levels.
You also visited: Bailey.

You collected 1759 gold pieces.
You spent 749 gold pieces at shops.
You paid 506 gold pieces to Gozag.

Inventory:

Hand Weapons
 a - the +9 spear "Dixtevoe" {vorpal, *Slow rElec rCorr Int+6}
   (You found it on level 10 of the Dungeon)

   It inflicts extra damage upon your enemies.
   Int:       It affects your intelligence (+6).
   rElec:     It insulates you from electricity.
   rCorr:     It protects you from acid and corrosion.
   *Slow:     It may slow you when you take damage.
 d - a +2 scimitar
 f - a +3 spear of venom (weapon)
 r - a +3 war axe
 s - a +3 rapier of protection
 w - a +0 sling of freezing
 H - a +3 great sword of freezing
 J - a +0 broad axe
 K - a +4 great sword
 O - a +1 lajatang of venom
 Q - the +4 dagger "Gacas" {protect, +Blink rN+ Will- Int+5}
   (You found it in a bailey)

   It grants its wielder temporary protection when it strikes (+7 to AC).
   Int:       It affects your intelligence (+5).
   rN:        It protects you from negative energy.
   +Blink:    It lets you blink.
   Will:      It decreases your willpower.
Missiles
 y - 4 datura-tipped darts (quivered)
 A - a boomerang of dispersal
 C - 23 poisoned darts
 N - 3 boomerangs
 P - 2 javelins
 R - 84 stones
Armour
 m - a +2 pair of boots (worn)
 I - a +2 leather armour of fire resistance
 L - the +3 scale mail of Beogh's Grace (worn) {rC+ Int+2}
   (You bought it in a shop on level 9 of the Dungeon)

   Int:       It affects your intelligence (+2).
   rC:        It protects you from cold.
 T - a +0 pair of gloves (worn)
Jewellery
 h - a ring of poison resistance (left hand)
 k - a ring of wizardry
 v - a ring of resist corrosion (right hand)
 D - a ring of wizardry
 U - a ring of ice
Wands
 x - a wand of flame (13)
 V - a wand of roots (5)
Scrolls
 e - 5 scrolls of identify
 i - 2 scrolls of blinking
 o - 3 scrolls of fear
 z - 5 scrolls of teleportation
 E - a scroll of silence
 G - 2 scrolls of fog
 M - a scroll of magic mapping
 S - a scroll of enchant armour
 W - a scroll of amnesia
Potions
 b - 6 potions of heal wounds
 c - 2 potions of cancellation
 g - a potion of might
 j - a potion of mutation
 l - 2 potions of curing
 n - 2 potions of ambrosia
 p - 4 potions of magic
 q - 2 potions of flight
 B - 2 potions of brilliance
 F - 2 potions of resistance


   Skills:
 * Level 10.0 Fighting
 - Level 1.7 Ranged Weapons
 * Level 9.1 Armour
 * Level 9.2 Dodging
 - Level 3.6 Stealth
 * Level 9.9 Evocations


You had 10 spell levels left.
You didn't know any spells.
Your spell library contained the following spells:

 Spells                   Type           Power      Damage    Failure   Level
 Apportation              Tloc           0%         N/A       65%         1
 Necrotise                Necr           0%         1d4       65%         1
 Sandblast                Erth           0%         2d4       65%         1
 Summon Small Mammal      Summ           0%         N/A       65%         1
 Passwall                 Tmut/Erth      0%         N/A       80%         2
 Scorch                   Fire           0%         2d5       80%         2
 Sublimation of Blood     Necr           0%         N/A       80%         2
 Conjure Flame            Conj/Fire      0%         6-21      95%         3
 Stone Arrow              Conj/Erth      0%         3d7       95%         3
 Airstrike                Air            0%         0-1+      100%        4
 Flame Wave               Conj/Fire      0%         2d4       100%        4
 Hailstorm                Conj/Ice       0%         3d3       100%        4
 Ice Form                 Ice/Tmut       0%         N/A       100%        4
 Petrify                  Tmut/Erth      0%         N/A       100%        4
 Summon Lightning Spire   Summ/Air       0%         N/A       100%        4
 Agony                    Necr           0%         N/A       100%        5
 Irradiate                Conj/Tmut      0%         3d11      100%        5
 Lightning Bolt           Conj/Air       0%         1d11      100%        5
 Summon Cactus Giant      Summ           0%         N/A       100%        6
 Borgnjor's Revivificati  Necr           0%         N/A       100%        8
 Animate Dead             Necr           Unusable   N/A       N/A         4
 Simulacrum               Ice/Necr       Unusable   N/A       N/A         6

Dungeon Overview and Level Annotations

Branches:
Dungeon (12/15)            Temple (0/1) D:7            Lair (0/6) D:9
    Orc (0/2) D:9          Bailey (visited)

Altars:
Ashenzari
Cheibriados
Dithmenos
Fedhas
Gozag
Makhleb
Okawaru
Qazlal
Sif Muna
Trog
Vehumet
Yredelemnul

Shops:
D:8 *   D:9 =?*?   D:11 [

Annotations:
D:7 2 transporters, capka3m's ghost, novice MeEE
D:12 Rupert


Innate Abilities, Weirdness & Mutations

You have a pair of horns on your head.
You sometimes gain power by taking damage.
When hurt, damage is shared between your health and your magic reserves.
You regenerate magic rapidly.
You are partially covered in razor-sharp scales. (AC +1, Slay +1)


Message History

Rupert hits you with a +0 battleaxe of flaming!!
You focus on the pain.
You feel your power returning. Rupert burns you!
You bump into the rock wall.
You feel your anger nearly subside.
You bump into the rock wall.
You are no longer berserk.
You are exhausted.
You feel yourself slow down. Rupert barely misses you.
You hit Rupert but do no damage.
Rupert is heavily wounded.
Rupert is no longer moving slowly.
Rupert yells loudly at you.
You barely resist.
You bump into the rock wall.
You feel less confused.
Rupert roars madly and goes into a rage!
Rupert goes berserk!
You barely miss Rupert. You headbutt Rupert, but do no damage.
Rupert is severely wounded.
Rupert misses you.
Rupert hits you with a +0 battleaxe of flaming!
You focus on the pain.
You feel your power returning. Rupert burns you.
Rupert hits you with a +0 battleaxe of flaming!!
You focus on the pain.
You feel your power returning. Rupert burns you.
You hit Rupert.
Rupert is severely wounded.
Rupert hits you with a +0 battleaxe of flaming!!
* * * LOW HITPOINT WARNING * * *
Rupert burns you.
* * * LOW HITPOINT WARNING * * *
Rupert completely misses you.
You puncture Rupert!
Rupert looks as sick as possible!
Rupert is severely wounded.
Rupert hits you with a +0 battleaxe of flaming!
* * * LOW HITPOINT WARNING * * *
Rupert burns you.
* * * LOW HITPOINT WARNING * * *
Rupert hits you with a +0 battleaxe of flaming!
You die...
Your body crumbles into a pile of gold.

##### #.... ....# #.#.# .
# #.#.# ....##.#{###### ##
#..((...{@@...########....
#....#.#.####.............
#(........# ######.####...
.....###..# #.#
..........# #.#
#...####..########.#
...........)......>#
....####..#####.####
[.........[.=...#####.


You could see Rupert (berserk, extremely poisoned).

Vanquished Creatures
  Snorg (D:11)
  Fannar (D:11)
  A hydra (D:11)
  3 two-headed ogres
  Amaemon (D:8)
  Pikel (D:3)
  A cyclops (D:11)
  An elephant (D:9)
  An orange demon (D:8)
  2 gargoyles (D:11)
  Psyche (D:11)
  A kobold demonologist (D:12)
  2 trolls
  A hornet (D:9)
  3 wraiths
  2 spriggans (Bailey)
  4 wyverns
  13 yaks
  A steam dragon (Bailey)
  2 basilisks
  4 vampire mosquitoes (D:11)
  An acid dragon (D:11)
  A sky beast (D:8)
  2 black bears
  An ice beast (D:8)
  An orc warrior (D:9)
  6 ogres
  4 centaurs
  2 lemures (D:3)
  A phantom (D:5)
  A gnoll sergeant (D:7)
  A kobold brigand (D:7)
  2 bullfrogs
  9 wights
  8 killer bees
  5 howler monkeys
  A jelly (D:6)
  5 orc priests
  A gnoll bouda (D:10)
  6 hounds
  Natasha (thrice) (D:2)
  5 iguanas
  5 orc wizards
  Robin (D:4)
  10 adders
  10 gnolls
  A shadow imp (D:6)
  2 white imps
  2 worms
  3 dart slugs (D:2)
  40 orcs
  4 endoplasms
  8 giant cockroaches
  13 hobgoblins
  2 quokkas (D:1)
  9 ball pythons
  9 bats
  A frilled lizard (D:2)
  16 goblins
  11 kobolds
  6 rats
266 creatures vanquished.

Vanquished Creatures (others)
  A dart slug (D:4)
  A giant cockroach (D:4)
  A plant (D:9)
3 creatures vanquished.

Grand Total: 269 creatures vanquished

Notes
Turn   | Place    | Note
-------+----------+-------------------------------------------
     0 | D:1      | DungeonMaster the Demonspawn Wanderer began the quest for
                  | the Orb.
     0 | D:1      | DungeonMaster set off with the following items: a +2
                  | dagger, 2 potions of heal wounds, a +0 sling, a piece from
                  | Xom's chessboard (15/15), a +0 leather armour.
     0 | D:1      | Reached XP level 1. HP: 15/15 MP: 1/1
   527 | D:1      | Gained mutation: You regenerate magic rapidly. [demonic
                  | ancestry]
   527 | D:1      | Reached XP level 2. HP: 21/21 MP: 2/2
   686 | D:1      | Reached skill level 1 in Armour
   707 | D:1      | Found a faded altar of an unknown god.
   972 | D:1      | Gained mutation: You have a pair of small horns on your
                  | head. [demonic ancestry]
   972 | D:1      | Reached XP level 3. HP: 27/27 MP: 3/3
  1248 | D:2      | Reached skill level 2 in Fighting
  1501 | D:2      | Got the Commentary on Calid Darkness
  1509 | D:2      | Reached XP level 4. HP: 33/33 MP: 4/4
  1564 | D:2      | Noticed Natasha
  1571 | D:2      | Killed Natasha
  1577 | D:2      | Noticed Natasha
  1585 | D:2      | Killed Natasha
  1768 | D:2      | Gained mutation: When hurt, damage is shared between your
                  | health and your magic reserves. [demonic ancestry]
  1768 | D:2      | Reached XP level 5. HP: 39/39 MP: 5/5
  1842 | D:2      | Noticed Natasha
  1847 | D:2      | Killed Natasha
  1962 | D:3      | Reached skill level 3 in Fighting
  2235 | D:3      | Found a blossoming altar of Fedhas.
  2537 | D:4      | Noticed Pikel
  2537 | D:4      | Noticed a lemure
  2537 | D:4      | Noticed a lemure
  2537 | D:4      | Noticed a lemure
  2537 | D:4      | Noticed a lemure
  2560 | D:3      | Killed a lemure
  2583 | D:3      | Killed a lemure
  2812 | D:3      | Killed Pikel
  2813 | D:3      | Reached skill level 4 in Fighting
  2813 | D:3      | Gained mutation: You sometimes gain a little power by
                  | taking damage. [demonic ancestry]
  2813 | D:3      | Reached XP level 6. HP: 26/48 MP: 2/6
  2813 | D:3      | Gained mutation: You sometimes gain power by taking damage.
                  | [demonic ancestry]
  2813 | D:3      | Reached XP level 7. HP: 29/54 MP: 2/7
  2957 | D:4      | Noticed Robin
  3037 | D:4      | Killed Robin
  3690 | D:4      | Found a shimmering blue altar of Sif Muna.
  3871 | D:5      | Entered Level 5 of the Dungeon
  3890 | D:5      | Found a radiant altar of Vehumet.
  4052 | D:5      | Found an iron altar of Okawaru.
  4593 | D:5      | Gained mutation: You have a pair of horns on your head.
                  | [demonic ancestry]
  4593 | D:5      | Reached XP level 8. HP: 36/61 MP: 5/8
  4943 | D:6      | Noticed a troll
  4960 | D:5      | Killed a troll
  4961 | D:5      | Reached skill level 5 in Fighting
  5339 | D:6      | Reached skill level 5 in Dodging
  5339 | D:6      | Reached skill level 5 in Evocations
  5361 | D:6      | Reached skill level 5 in Armour
  5611 | D:6      | Identified the +7 spear "Seingueg" {holy, rF+}
  6102 | D:6      | Found a broken altar of Ashenzari.
  6102 | D:6      | Found a snail-covered altar of Cheibriados.
  6102 | D:6      | Found a bloodstained altar of Trog.
  6337 | D:6      | Found a burning altar of Makhleb.
  6337 | D:6      | Noticed a green death
  6753 | D:7      | Found a shadowy altar of Dithmenos.
  6773 | D:7      | Reached skill level 6 in Fighting
  6773 | D:7      | Reached XP level 9. HP: 66/69 MP: 9/9
  6967 | D:7      | Found a staircase to the Ecumenical Temple.
  6971 | D:7      | Noticed capka3m's ghost (novice MeEE)
  6972 | D:7      | Found a transporter.
  7029 | D:7      | Found a transporter.
  7873 | D:7      | Found an opulent altar of Gozag.
  7923 | D:7      | Became a worshipper of Gozag Ym Sagoz the Greedy
  8572 | D:8      | Noticed an orange demon
  8572 | D:8      | Noticed Amaemon
  8595 | D:8      | Killed an orange demon
  8686 | D:8      | Killed Amaemon
  8687 | D:8      | Reached skill level 7 in Fighting
  9089 | D:8      | Found Attock's Neck Hole.
  9412 | D:9      | Reached XP level 10. HP: 13/72 MP: 3/10
  9765 | D:9      | Found a staircase to the Lair.
  9768 | D:9      | Noticed an elephant
  9801 | D:9      | Killed an elephant
 10038 | D:9      | Found Acaosab's Jewellery Boutique.
 10248 | D:9      | Found a basalt altar of Yredelemnul.
 10250 | D:9      | Noticed a profane servitor
 10285 | D:9      | Found Ceneoqiav's Magic Scroll Shoppe.
 10401 | D:9      | Found Agoephi's Assorted Antiques.
 10422 | D:9      | Reached skill level 8 in Fighting
 10526 | D:9      | Bought a dazzling scale mail for 216 gold pieces
 10526 | D:9      | Identified the +3 scale mail of Beogh's Grace {rC+ Int+2}
                  | (You bought it in a shop on level 9 of the Dungeon)
 10548 | D:9      | Found a stormy altar of Qazlal.
 10594 | D:9      | Found Point's Magic Scroll Emporium.
 10601 | D:9      | Bought a scroll of blinking for 105 gold pieces
 10601 | D:9      | Bought a scroll of fear for 56 gold pieces
 10601 | D:9      | Bought a scroll of magic mapping for 105 gold pieces
 10601 | D:9      | Bought a scroll of teleportation for 42 gold pieces
 10901 | D:9      | Noticed an angel
 11070 | D:9      | Found a staircase to the Orcish Mines.
 11247 | D:10     | Entered Level 10 of the Dungeon
 11327 | D:10     | Found a flagged portal.
 11337 | Bailey   | Entered a bailey
 11578 | Bailey   | Noticed a two-headed ogre
 11598 | Bailey   | Killed a two-headed ogre
 11690 | Bailey   | Gained mutation: You are partially covered in razor-sharp
                  | scales. (AC +1, Slay +1) [demonic ancestry]
 11690 | Bailey   | Reached XP level 11. HP: 85/87 MP: 11/11
 11730 | Bailey   | Identified the +4 dagger "Gacas" {protect, +Blink rN+ Will-
                  | Int+5}
 11788 | D:10     | Identified the +9 spear "Dixtevoe" {vorpal, *Slow rElec
                  | rCorr Int+6}
 11875 | D:10     | Reached skill level 9 in Fighting
 12439 | D:11     | Bought an amethyst-encrusted ring mail for 225 gold pieces
 12439 | D:11     | Identified the +2 ring mail of the Sparrow {*Corrode rElec
                  | rPois} (You bought it in a shop on level 11 of the Dungeon)
 12636 | D:11     | Noticed Fannar
 12927 | D:11     | Killed Fannar
 13247 | D:11     | Noticed Psyche
 13247 | D:11     | Noticed a two-headed ogre
 13459 | D:11     | Killed Psyche
 13469 | D:11     | Killed a two-headed ogre
 13509 | D:11     | Noticed an eight-headed hydra
 13522 | D:11     | Killed an eight-headed hydra
 13786 | D:11     | Found Jekhaugu's Firing Range.
 13806 | D:11     | Noticed Snorg
 13816 | D:11     | Killed Snorg
 14219 | D:12     | Reached skill level 10 in Fighting
 14231 | D:12     | Noticed Rupert
 14249 | D:12     | Noticed a two-headed ogre
 14263 | D:12     | Killed a two-headed ogre
 14451 | D:12     | Slain by Rupert

Illustrated notes

Levels and vault maps discovered:
D:1:      mrwooster_arrival_arrow, layout_basic,
          hellmonk_ecumenical_altar_crossroads
D:2:      layout_rooms, uniq_natasha
D:3:      layout_rooms, fedhas_altar_2
D:4:      layout_gridville, elyvilon_altar_4, tgw_sif, uniq_pikel, uniq_robin
D:5:      layout_basic, nicolae_vehumet_radiance, okawaru_gym_becter
D:6:      minmay_cornered_nines, layout_cave_pods,
          gammafunk_temple_overflow_claw, makhleb_altar_promises_db
D:7:      layout_basic, grunt_gozag_statues,
          nicolae_dithmenos_through_a_glass_darkly,
          minmay_temple_entry_gardened_gates, gammafunk_ghost_arena, st_stairs_2
D:8:      layout_cave_pools, nicolae_shop_sticking_my_neck_out, uniq_amaemon
D:9:      layout_roguey, grunt_temple_overflow_holy_war, grunt_qazlal_clouds,
          david_lair_generic, hiddenorc1_lemuel, serial_shops, shop_fountains,
          nicolae_shop_waterfront, shop, nicolae_take_the_stairs,
          chequers_serial_rivers_micro_a, david_defended_altar_orc
D:10:     layout_rooms, enter_bailey_2
D:11:     layout_roguey, nicolae_shop_firing_range, uniq_snorg, uniq_psyche,
          uniq_fannar
D:12:     layout_loops_ring, serial_shops, nicolae_shop_window_shopping,
          trove_entry_hex_spiral, kennysheep_doodads, uniq_jorgrun, uniq_rupert

Skill      XL: |  1  2  3  4  5  6  7  8  9 10 11 |
---------------+----------------------------------+-----
Armour         | 1 2 3 4 5 6 7 9 |  9.1
Fighting       | 2 4 6 7 8 10 | 10.0
Dodging        | 2 3 4 5 6 8 9 |  9.2
Evocations     | 3 4 5 7 8 9 |  9.9
Ranged Weapons | |  1.7
Stealth        | |  3.6

Action                   |  1- 3 |  4- 6 |  7- 9 | 10-12 || total
-------------------------+-------+-------+-------+-------++-------
Melee: Dagger            |    24 |       |       |       ||    24
       Spear             |    77 |    93 |   339 |   415 ||   924
       Headbutt          |     7 |    14 |    75 |   133 ||   229
       Punch             |       |     1 |     7 |     7 ||    15
       Rapier            |       |       |    29 |    45 ||    74
       Unarmed           |       |       |       |     3 ||     3
Throw: Dart              |       |       |     9 |    18 ||    27
       Stone             |       |       |     6 |     2 ||     8
Invok: Call Merchant     |       |       |       |     1 ||     1
Evoke: Wand              |       |       |    19 |    25 ||    44
  Use: Scroll            |     2 |     9 |    15 |     8 ||    34
       Potion            |       |     1 |     2 |     7 ||    10
 Stab: Sleeping          |     8 |     2 |     1 |       ||    11
       Distracted        |       |       |       |     3 ||     3
Armor: Leather armour    |     9 |       |       |       ||     9
       Ring mail         |    28 |       |       |       ||    28
       Scale mail        |     1 |    32 |   178 |   202 ||   413
Dodge: Dodged            |    48 |    51 |   270 |   286 ||   655

Table legend: (Time is in decaauts)
 A = Elapsed time spent in this place.
 B = Non-inter-level travel time spent in this place.
 C = Inter-level travel time spent in this place.
 D = Time resting spent in this place.
 E = Time spent auto-exploring this place.
 F = Levels seen in this place.
 G = Mean time per level.
                   A        B        C        D        E       F      G
               +--------+--------+--------+--------+--------+-----+--------+
         Total |  14591 |  14067 |    524 |   3887 |   7266 |  13 | 1122.4 |
       Dungeon |  14132 |  13608 |    524 |   3653 |   7223 |  12 | 1177.7 |
        Bailey |    459 |    459 |      0 |    234 |     43 |   1 |  459.0 |
               +--------+--------+--------+--------+--------+-----+--------+

Top non-repeatable levels by time:
     D:6: 1772 daAuts
    D:11: 1695 daAuts
     D:9: 1662 daAuts
     D:7: 1372 daAuts
     D:5: 1336 daAuts
     D:8: 1320 daAuts
     D:1: 1125 daAuts
     D:3: 1081 daAuts
     D:4: 868 daAuts
     D:2: 837 daAuts
    D:10: 794 daAuts
  Bailey: 459 daAuts
    D:12: 264 daAuts
